 Dungeon Crawl Stone Soup version 0.24.0-7-gb3623d2c88 (webtiles) character file.

Game seed: 15481706655327885378, levelgen mode: deterministic

957928 inmateoo the Gnoll Aeon (level 27, -12/228 (231) HPs)
             Began as a Gnoll Skald on Nov 2, 2019.
             Was the Champion of Cheibriados.
             Killed from afar by a hellion (33 damage)
             ... with damnation
             ... on level 6 of the Iron City of Dis.
             The game lasted 02:42:37 (60266 turns).

inmateoo the Gnoll Aeon (Gnoll Skald)              Turns: 60266, Time: 02:42:38

HP:   -12/228 (231) AC: 26    Str: 39    XL:     27
MP:   0/48          EV: 37    Int: 46    God:    Cheibriados [******]
Gold: 7928          SH: 37    Dex: 36    Spells: 17/69 levels left

rFire    + + .     SeeInvis +     - Unarmed
rCold    + + .     Gourm    .   X - +8 large shield {rC+ rF+}
rNeg     + + .     Faith    .   y - +1 ring mail of the Invisible Shrikes {Str+2 Int+4 Dex+4}
rPois    .         Spirit   +   l - +2 hat of the Bear Spirit {Spirit, +Rage rN+ MR++}
rElec    .         Reflect  .   i - +2 cloak {MR+}
rCorr    +         Harm     .   f - +2 pair of gloves
MR       +++++                  p - +2 pair of boots {Fly}
Stlth    ++++++++..             K - macabre finger necklace {rN+}
HPRegen  0.48/turn              C - ring of the Mage {Wiz MR++ Int+3}
MPRegen  0.31/turn              U - ring of Iwouthem {+Blink rC+ Str+2 Int+2 SInv}
                                P - ring "Nirphupsu" {rF+ rCorr Str+4}

@: slightly contaminated, studying 2 skills, deflect missiles, very slow
A: distributed training, claws 1, fangs 1, iridescent scales 1, yellow scales 1,
deformed body, dopey 1, screaming 1, evolution 1, subdued magic 1, strong nose
}: 6/15 runes: barnacled, slimy, silver, obsidian, bone, gossamer
a: Bend Time, Temporal Distortion, Slouch, Step From Time, Renounce Religion,
Evoke Blink, Evoke Berserk Rage, Evoke Flight


You were on level 6 of the Iron City of Dis.
You worshipped Cheibriados.
Cheibriados was exalted by your worship.
You were very full.

You visited 16 branches of the dungeon, and saw 78 of its levels.
You visited the Abyss 1 time.
You visited 1 bazaar.
You also visited: Trove and Ice Cave.

You collected 13611 gold pieces.
You spent 5683 gold pieces at shops.

Inventory:

Missiles
 G - 46 boomerangs (quivered)
 M - 9 throwing nets
 R - 74 silver javelins
Armour
 f - a +2 pair of gloves (worn)
 i - a +2 cloak of magic resistance (worn)
 l - the +2 hat of the Bear Spirit (worn) {Spirit, +Rage rN+ MR++}
   (You found it on level 6 of the Dungeon)

   It protects you from negative energy.
   It affects your resistance to hostile enchantments.
   It lets you go berserk.
 p - a +2 pair of boots of flying (worn)
 y - the +1 ring mail of the Invisible Shrikes (worn) {Str+2 Int+4 Dex+4}
   (You found it on level 7 of the Dungeon)

   It affects your strength (+2).
   It affects your intelligence (+4).
   It affects your dexterity (+4).
 X - a +8 large shield of resistance (worn)
Jewellery
 b - the amulet "Xashuun" {rPois rN++ MR+ Regen+ Dex+3}
   (You found it on level 3 of the Shoals)

   [amulet of regeneration]

   It affects your dexterity (+3).
   It protects you from poison.
   It greatly protects you from negative energy.
   It affects your resistance to hostile enchantments.
   It increases your rate of regeneration.
 v - the ring "Wol Akask" {rC+ MP+9 Str-3 Dex+3 Slay+3}
   (You found it on level 2 of the Shoals)

   [ring of magical power]

   It affects your strength (-3).
   It affects your dexterity (+3).
   It affects your accuracy and damage with ranged weapons and melee attacks
   (+3).
   It protects you from cold.
   It affects your magic capacity (+9).
 C - the ring of the Mage (left hand) {Wiz MR++ Int+3}
   (You found it on level 7 of Tartarus)

   [ring of wizardry]

   It improves your spell success rate.
   It affects your intelligence (+3).
   It affects your resistance to hostile enchantments.
 K - the macabre finger necklace (around neck) {rN+}
   (You found it on level 7 of Tartarus)

   [amulet of nothing]

   It protects you from negative energy.
 N - a ring of Liberalism {rF+ MR+ Dex+4}
   (You found it on level 4 of the Lair of Beasts)

   [ring of protection from fire]

   It affects your dexterity (+4).
   It protects you from fire.
   It affects your resistance to hostile enchantments.
 P - the ring "Nirphupsu" (on amulet) {rF+ rCorr Str+4}
   (You found it in a treasure trove)

   [ring of resist corrosion]

   It affects your strength (+4).
   It protects you from fire.
   It provides partial protection from all sources of acid and corrosion.
 U - the ring of Iwouthem (right hand) {+Blink rC+ Str+2 Int+2 SInv}
   (You bought it in a shop on level 1 of the Depths)

   [ring of protection from cold]

   It affects your strength (+2).
   It affects your intelligence (+2).
   It protects you from cold.
   It lets you see invisible.
   It lets you blink.
Wands
 w - a wand of acid (26)
 E - a wand of scattershot (12)
 I - a wand of digging (10)
 L - a wand of clouds (8)
 O - a wand of iceblast (35)
Scrolls
 e - 24 scrolls of teleportation
 h - 26 scrolls of remove curse
 k - 8 scrolls of fog
 o - 13 scrolls of amnesia
 r - 18 scrolls of identify
 s - 10 scrolls of magic mapping
 z - 6 scrolls of enchant armour
 D - a scroll of fear
 J - 8 scrolls of blinking
Potions
 c - 23 potions of curing
 g - 7 potions of resistance
 m - 8 potions of magic
 n - 14 potions of heal wounds
 u - 6 potions of brilliance
 x - a potion of invisibility
 A - 7 potions of agility
 B - 4 potions of cancellation
 F - 7 potions of mutation
 S - 2 potions of flight
 W - 6 potions of might
 Y - 7 potions of ambrosia
Books
 j - a manual of Unarmed Combat
 V - a manual of Throwing
Miscellaneous
 a - a phantom mirror
 q - a lightning rod (4/4)
 t - a phial of floods
 H - 2 sacks of spiders
 Q - 5 boxes of beasts
 T - the horn of Geryon
 Z - a lamp of fire
Comestibles
 d - 66 rations


   Skills:
 + Level 21.8 Fighting
 + Level 21.5 Short Blades
 + Level 21.5 Long Blades
 + Level 21.5 Axes
 + Level 21.5 Maces & Flails
 + Level 21.8 Polearms
 + Level 21.5 Staves
 + Level 21.5 Slings
 + Level 21.5 Bows
 + Level 21.5 Crossbows
 + Level 22.6 Throwing
 + Level 21.6 Armour
 + Level 21.8 Dodging
 + Level 21.5 Stealth
 + Level 21.5 Shields
 + Level 22.3 Unarmed Combat
 + Level 21.8 Spellcasting
 + Level 18.6 Conjurations
 + Level 18.6 Hexes
 + Level 19.2 Charms
 + Level 18.6 Summonings
 + Level 18.6 Necromancy
 + Level 18.6 Translocations
 + Level 18.6 Transmutations
 + Level 18.6 Fire Magic
 + Level 18.6 Ice Magic
 + Level 18.6 Air Magic
 + Level 18.6 Earth Magic
 + Level 18.6 Poison Magic
 + Level 23.0 Invocations
 + Level 21.5 Evocations


You had 17 spell levels left.
You knew the following spells:

 Your Spells              Type           Power        Failure   Level  Hunger
a - Statue Form           Tmut/Erth      ########.    0%          6    None
b - Regeneration          Chrm/Necr      ########..   0%          3    None
c - Borgnjor's Vile Clut  Necr/Erth      ########..   0%          5    None
d - Song of Slaying       Chrm           ########     0%          2    None
e - Spectral Weapon       Hex/Chrm       ########     0%          3    None
f - Blink                 Tloc           N/A          0%          2    None
g - Passwall              Tmut/Erth      ########     0%          2    None
h - Deflect Missiles      Chrm/Air       ########..   0%          6    None
i - Apportation           Tloc           ######       0%          1    None
j - Shroud of Golubria    Chrm/Tloc      ######       0%          2    None
k - Ring of Flames        Chrm/Fire      ########..   1%          7    None
l - Shatter               Erth           ########..   11%         9    None
m - Passage of Golubria   Tloc           N/A          0%          4    None

Your spell library contained the following spells:

 Spells                   Type           Power        Failure   Level  Hunger
 Animate Skeleton         Necr           N/A          0%          1    None
 Beastly Appendage        Tmut           ######       0%          1    None
 Confusing Touch          Hex            ######       0%          1    None
 Corona                   Hex            #######      0%          1    None
 Flame Tongue             Conj/Fire      #####        0%          1    None
 Freeze                   Ice            ####         0%          1    None
 Infusion                 Chrm           ####         0%          1    None
 Magic Dart               Conj           ####         0%          1    None
 Pain                     Necr           ####         0%          1    None
 Sandblast                Erth           ######       0%          1    None
 Sting                    Conj/Pois      ####         0%          1    None
 Summon Butterflies       Summ           ########     0%          1    None
 Summon Small Mammal      Summ           ####         0%          1    None
 Call Imp                 Summ           ########     0%          2    None
 Corpse Rot               Necr           N/A          0%          2    None
 Ensorcelled Hibernation  Hex/Ice        ######       0%          2    None
 Poisonous Vapours        Pois/Air       ######       0%          2    None
 Slow                     Hex            ########     0%          2    None
 Sticks to Snakes         Tmut           ########     0%          2    None
 Sublimation of Blood     Necr           ########..   0%          2    None
 Throw Flame              Conj/Fire      ######       0%          2    None
 Throw Frost              Conj/Ice       ######       0%          2    None
 Call Canine Familiar     Summ           ########     0%          3    None
 Confuse                  Hex            ########     0%          3    None
 Conjure Flame            Conj/Fire      ########     0%          3    None
 Dazzling Spray           Conj/Hex       ######       0%          3    None
 Gell's Gravitas          Tloc           ########..   0%          3    None
 Ignite Poison            Fire/Tmut/Pois ########     0%          3    None
 Inner Flame              Hex/Fire       ########     0%          3    None
 Lesser Beckoning         Tloc           ########..   0%          3    None
 Mephitic Cloud           Conj/Pois/Air  ########     0%          3    None
 Ozocubu's Armour         Chrm/Ice       ########     0%          3    None
 Portal Projectile        Hex/Tloc       ######       0%          3    None
 Recall                   Summ/Tloc      N/A          0%          3    None
 Spider Form              Tmut/Pois      ########..   0%          3    None
 Static Discharge         Conj/Air       ########     0%          3    None
 Stone Arrow              Conj/Erth      ######       0%          3    None
 Summon Guardian Golem    Hex/Summ       ########     0%          3    None
 Teleport Other           Tloc           ########     0%          3    None
 Tukima's Dance           Hex            ########     0%          3    None
 Vampiric Draining        Necr           ########..   0%          3    None
 Animate Dead             Necr           N/A          0%          4    None
 Cause Fear               Hex            ########..   0%          4    None
 Ice Form                 Ice/Tmut       ########     0%          4    None
 Leda's Liquefaction      Hex/Erth       ########..   0%          4    None
 Olgreb's Toxic Radiance  Pois           ########     0%          4    None
 Petrify                  Tmut/Erth      ########     0%          4    None
 Sticky Flame             Conj/Fire      ########     0%          4    None
 Summon Ice Beast         Ice/Summ       ########     0%          4    None
 Summon Lightning Spire   Summ/Air       ########     0%          4    None
 Throw Icicle             Conj/Ice       ########     0%          4    None
 Agony                    Necr           ########     0%          5    None
 Alistair's Intoxication  Tmut/Pois      ########     0%          5    None
 Aura of Abjuration       Summ           ########..   0%          5    None
 Blade Hands              Tmut           ########..   0%          5    None
 Bolt of Draining         Conj/Necr      ########..   0%          5    None
 Bolt of Magma            Conj/Fire/Erth ########..   0%          5    None
 Dispel Undead            Necr           ########     0%          5    None
 Excruciating Wounds      Chrm/Necr      ########..   0%          5    None
 Fireball                 Conj/Fire      ########..   0%          5    None
 Irradiate                Conj/Tmut      ########..   0%          5    None
 Lee's Rapid Deconstruct  Erth           ########..   0%          5    None
 Metabolic Englaciation   Hex/Ice        ########..   0%          5    None
 Silence                  Hex/Air        ########..   0%          5    None
 Summon Demon             Summ           ########..   0%          5    None
 Summon Forest            Summ/Tloc      ########..   0%          5    None
 Summon Mana Viper        Hex/Summ       ########     0%          5    None
 Venom Bolt               Conj/Pois      ########..   0%          5    None
 Yara's Violent Unravell  Hex/Tmut       ########..   0%          5    None
 Bolt of Cold             Conj/Ice       ########..   0%          6    None
 Conjure Ball Lightning   Conj/Air       ########..   0%          6    None
 Freezing Cloud           Conj/Ice/Air   ########..   0%          6    None
 Hydra Form               Tmut           ########..   0%          6    None
 Invisibility             Hex            ########     0%          6    None
 Iron Shot                Conj/Erth      ########..   0%          6    None
 Ozocubu's Refrigeration  Ice            ########..   0%          6    None
 Shadow Creatures         Summ           N/A          0%          6    None
 Simulacrum               Ice/Necr       ########..   0%          6    None
 Dragon Form              Tmut           ########..   1%          7    None
 Summon Hydra             Summ           ########..   1%          7    None
 Discord                  Hex            ########..   1%          8    None
 Tornado                  Air            ########..   11%         9    None


Dungeon Overview and Level Annotations

Branches:
Dungeon (15/15)            Temple (1/1) D:6            Lair (6/6) D:10
 Shoals (4/4) Lair:4       Spider (4/4) Lair:2        Slime (5/5) Lair:6
    Orc (2/2) D:10            Elf (3/3) Orc:2        Vaults (5/5) D:14
  Crypt (3/3) Vaults:2       Tomb (0/3) Crypt:3      Depths (5/5) D:15
   Hell (visited)             Dis (6/7) Hell            Geh (7/7) Hell
    Coc (0/7) Hell            Tar (7/7) Hell            Zot (5/5) Depths:5
  IceCv (visited)

Altars:
Ashenzari
Cheibriados
Dithmenos
Elyvilon
Fedhas
Gozag
Hepliaklqana
Kikubaaqudgha
Makhleb
Nemelex Xobeh
Okawaru
Qazlal
Ru
Sif Muna
Trog
Uskayaw
Vehumet
Wu Jian
Xom
Yredelemnul
Zin
The Shining One
Beogh
Lugonu

Shops:
D:8 =*%   Orc:1 :   Orc:2 %=([   Elf:1 }   Elf:3 !   Shoals:2 [   Vaults:1 ?
Vaults:2 %   Vaults:3 (   Vaults:5 ?!?   Depths:1 =   Depths:4 }=}

Portals:
Hell: Depths:1 Depths:2 Depths:4 Depths:5
Abyss: Depths:2 Depths:4
Pandemonium: Depths:3
Ziggurat: Depths:4

Annotations:
Tar:7 1 exclusion


Innate Abilities, Weirdness & Mutations

Your experience applies equally to all skills.
You have very sharp teeth.
Your uncanny sense of smell can sniff out nearby items.
You have sharp fingernails.
You are partially covered in iridescent scales. (AC +2)
You are partially covered in yellow scales. (AC +2)
Armour fits poorly on your strangely shaped body.
You are dopey. (Int -2)
You occasionally shout uncontrollably at your foes.
You evolve.
Your spells are a little easier to cast, but a little less powerful.


Message History

The sphere of damnation explodes!
The damnation engulfs you!!
* * * LOW HITPOINT WARNING * * *
The hellion gestures at you.
The sphere of damnation explodes!
The damnation engulfs you!!
* * * LOW HITPOINT WARNING * * *
There is an escape hatch in the floor here.
Unknown command.
Unknown command.
Unknown command.
Unknown command.
Unknown command.
Unknown command.
Throwing (i - inventory. (/) - cycle)
G - 46 boomerangs (quivered)
Press: ? - help, Shift-Dir - straight line, f - hellion
Aim: a hellion You throw a boomerang.
The boomerang barely misses the hellion.
The hellion gestures at you.
The sphere of damnation explodes!
The damnation engulfs you!!!
You die...

#...........##
##............##
#..............##
#...............
##.............#
#......)∩......#
##...))........#
#...).∩)..@....#
##....)).......#.
#.......∩)........
#.................
#..............#..
#.........)..2.# .
#..#..........#'#
##.####..........
............


You could see a hellion.

Vanquished Creatures
  Asmodeus (Geh:7)
  the Royal Jelly (Slime:5)
  Ereshkigal (Tar:7)
  the Serpent of Hell (Tar:7)
  13 ancient liches
  6 orbs of fire
  Boris (twice) (Depths:4 Crypt:2)
  Frederick (Depths:3)
  3 curse toes
  5 Killer Klowns (Zot:5)
  Geryon (Hell)
  6 golden dragons
  Arachne (Spider:2)
  6 bone dragons
  Nikola (Spider:3)
  34 Tzitzimimeh
  16 Brimstone Fiends
  7 doom hounds
  25 tentacled monstrosities
  2 electric golems (Zot:5)
  4 iron giants (Dis:6)
  6 liches
  Jorgrun (Orc:1)
  2 Ice Fiends
  Asterion (Spider:4)
  25 Orb Guardians (Zot:5)
  A deep elf master archer (Elf:3)
  2 deep elf blademasters (Elf:3)
  7 quicksilver dragons
  4 titans
  12 sphinxes
  16 acid blobs
  An Executioner (Dis:1)
  4 eldritch tentacles
  3 krakens
  Gastronok (Lair:2)
  10 death cobs
  A tentacled starspawn (Abyss:5)
  The ghost of Yakesh the Executioner, an adept MiFi of Gozag (Elf:2)
  4 ancient champions
  18 shadow dragons
  Kirke (Lair:6)
  A revenant (Crypt:2)
  12 storm dragons
  The ghost of Kipt the Spry, an adept SpFE of Dithmenos (Vaults:2)
  13 azure jellies
  6 tengu reavers
  15 frost giants
  3 draconian knights
  12 fire giants
  4 draconian monks
  2 cacodemons
  17 vault wardens
  6 draconian scorchers
  7 deep elf sorcerers
  2 iron dragons
  5 draconian shifters
  A ghost moth (shapeshifter) (Elf:2)
  8 ghost moths
  An angel (Abyss:5)
  13 balrugs
  2 orc warlords
  A deep elf elementalist (Elf:3)
  Aizul (Spider:3)
  8 emperor scorpions
  5 curse skulls
  40 reapers
  16 ghouls
  39 very ugly things
  18 ironheart preservers
  35 stone giants
  4 draconian annihilators
  6 spriggan defenders
  5 draconian stormcallers
  9 war gargoyles
  9 entropy weavers
  13 black draconians
  9 green draconians
  11 deep elf demonologists
  9 vampire knights
  Azrael (D:13)
  2 lorocyprocas
  A minotaur (Vaults:2)
  A dire elephant (Lair:5)
  7 purple draconians
  8 red draconians
  5 white draconians
  3 spark wasps
  11 yellow draconians
  7 deep elf annihilators
  14 deep elf death magi
  The ghost of Swippen the Brawler, a journeyman TrMo of Makhleb (Orc:2)
  7 merfolk javelineers
  2 green deaths
  A blizzard demon (Dis:3)
  11 death oozes
  4 quicksilver dragon zombies
  4 eidola
  17 ettins
  9 merfolk impalers
  12 jiangshi
  37 vault guards
  8 great orbs of eyes
  9 fire dragons
  23 yaktaur captains
  13 ogre magi
  Erolcha (D:10)
  5 deep elf high priests
  2 quicksilver dragon skeletons
  The ghost of Jiolyugh the Geomancer, a journeyman GrEE of Qazlal (D:14)
  3 rakshasas
  A naga warrior (Vaults:2)
  6 hydras
  4 merfolk avatars
  11 ice dragons
  3 ghost crabs
  4 spriggan air magi
  9 centaur warriors
  2 merfolk aquamancers (Shoals:3)
  A shambling mangrove (Abyss:5)
  A hell beast (Hell)
  4 satyrs
  4 death knights
  43 two-headed ogres
  9 deep troll shamans
  A queen ant (D:10)
  3 alligator snapping turtles
  27 dancing weapons
  6 titan zombies
  Urug (Lair:6)
  7 spriggan berserkers
  8 vampire magi
  18 hell hogs
  5 thrashing horrors (Abyss:5)
  14 deep troll earth magi
  14 soul eaters
  2 fire crabs
  6 tengu warriors
  5 orc high priests
  2 iron golems
  5 storm dragon zombies
  60 hell knights
  A shock serpent (shapeshifter) (Vaults:3)
  23 deep elf knights
  24 sun demons
  3 wretched stars (Abyss:5)
  4 shadow wraiths
  5 storm dragon skeletons
  A fire crab (shapeshifter) (Depths:4)
  7 titan skeletons
  A sixfirhy (Hell)
  2 ghost moth zombies
  55 skeletal warriors
  3 iron trolls
  A sea snake (shapeshifter) (D:14)
  4 wizards
  16 flayed ghosts
  17 sea snakes
  42 deep trolls
  2 golden dragon zombies
  4 unseen horrors
  6 glowing orange brains
  15 shadow demons
  3 death drakes
  4 anaconda zombies
  3 shadow dragon zombies
  3 golden dragon skeletons
  An anaconda skeleton (Tar:7)
  An infernal demonspawn (Depths:3)
  19 phantasmal warriors
  3 wolf spider zombies
  3 tengu zombies
  Pikel (D:8)
  65 deep elf magi
  22 orc knights
  20 ironbrand convokers
  13 large abominations
  21 necromancers
  14 orb spiders
  18 deep elf archers
  45 wolf spiders
  10 orc sorcerers
  A sphinx zombie (Crypt:2)
  3 iron dragon zombies
  13 harpies
  A shadow dragon skeleton (Dis:5)
  6 frost giant zombies
  2 human zombies (Vaults:1)
  3 oklob plants
  A wolf spider (shapeshifter) (D:13)
  16 manticores
  13 fauns
  2 salamanders (shapeshifter)
  68 ugly things
  3 fire giant zombies
  9 cyclopes
  5 shining eyes
  3 stone giant skeletons
  9 stone giant zombies
  2 apocalypse crabs (Abyss:5)
  4 iron dragon skeletons
  45 moths of wrath
  14 elephants
  11 centaur zombies
  A manticore (shapeshifter) (Depths:2)
  11 merfolk sirens
  An elephant (shapeshifter) (Elf:1)
  A shock serpent zombie (Geh:7)
  2 guardian serpents (shapeshifter)
  17 rust devils
  6 molten gargoyles
  A naga mage (D:15)
  3 ice statues
  3 black mambas
  Joseph (D:9)
  9 smoke demons
  10 water nymphs
  19 vault sentinels
  An orange demon (Depths:3)
  3 eyes of devastation
  6 fire giant skeletons
  16 spiny frogs
  3 torpor snails
  A dire elephant skeleton (Geh:7)
  8 frost giant skeletons
  5 efreet
  5 gargoyles
  2 storm dragon simulacra
  14 komodo dragons
  A catoblepas zombie (Crypt:1)
  28 hellions
  3 rime drakes
  8 small abominations
  15 freezing wraiths
  2 shock serpent skeletons (Crypt:2)
  A kobold demonologist (Depths:2)
  3 yaktaurs (shapeshifter)
  A black draconian zombie (Crypt:1)
  2 emperor scorpion zombies
  17 demonic crawlers
  A red draconian zombie (Dis:1)
  A spark wasp simulacrum (Depths:2)
  A komodo dragon (shapeshifter) (D:14)
  2 guardian mummies (Crypt:3)
  2 harpy zombies
  9 ice devils
  27 tormentors
  56 yaktaurs
  3 ancient zymes (Abyss:5)
  7 tengu conjurers
  21 red devils
  2 catoblepas skeletons
  3 hellwings
  A meliai (D:13)
  8 hydra zombies
  37 jumping spiders
  19 merfolk
  2 silent spectres
  3 polar bears (shapeshifter)
  4 wind drakes
  2 harpy skeletons
  6 trolls
  3 queen bees (shapeshifter)
  79 slime creatures
  3 polar bears (Lair:6)
  6 tyrant leeches
  A hippogriff (shapeshifter) (Depths:2)
  4 hydra skeletons
  14 hornets
  A hornet (shapeshifter) (Elf:2)
  8 dream sheep
  Grinder (D:4)
  5 ettin zombies
  4 ice dragon zombies
  7 snapping turtles
  16 blink frogs
  A death drake skeleton (Crypt:1)
  2 bog bodies
  A snapping turtle (shapeshifter) (Depths:1)
  13 hippogriffs
  A dream sheep (shapeshifter) (Elf:2)
  3 alligator zombies
  A meliai zombie (D:14)
  A frost giant simulacrum (Depths:2)
  3 fire dragon zombies
  4 ice dragon skeletons
  48 shadows
  Sigmund (D:2)
  A spriggan (shapeshifter) (Vaults:5)
  3 ettin skeletons
  5 spriggans
  A ynoxinul (Abyss:5)
  2 air elementals
  A shapeshifter (Elf:2)
  76 redbacks
  4 vampires (D:15)
  2 tarantellas (shapeshifter)
  A spriggan skeleton (Depths:2)
  2 wyverns
  5 fire dragon skeletons
  10 starcursed masses (Abyss:5)
  25 water elementals
  42 yaks
  85 flying skulls
  A hog (Lair:6)
  36 wraiths
  2 alligator skeletons
  46 tarantellas
  8 basilisks
  23 fire elementals
  2 black mamba skeletons
  A chaos spawn (Abyss:5)
  2 yaks (shapeshifter)
  2 steam dragons
  5 hungry ghosts
  8 vampire mosquitoes
  A basilisk (shapeshifter) (D:14)
  An emperor scorpion simulacrum (Crypt:2)
  A golden eye (Slime:5)
  Edmund (D:4)
  3 neqoxecs (D:14)
  Menkaure (D:5)
  10 wargs
  A naga (shapeshifter) (Depths:3)
  7 soldier ants
  A warg (shapeshifter) (Vaults:2)
  A yaktaur simulacrum (Vaults:1)
  A hydra simulacrum (Hell)
  15 water moccasins
  2 acid dragons (Vaults:1)
  2 water moccasins (shapeshifter)
  A soldier ant (shapeshifter) (D:13)
  56 hell hounds
  A monstrous demonspawn skeleton (Crypt:2)
  4 spiny frog zombies
  2 floating eyes (shapeshifter)
  9 porcupines
  50 orc warriors
  4 sky beasts
  A snapping turtle zombie (Tar:7)
  A deep troll skeleton (Vaults:1)
  15 ice beasts
  28 ogres
  An ettin simulacrum (Vaults:4)
  23 necrophages
  6 phantoms
  2 swamp dragon zombies (Dis:5)
  3 spiny frog skeletons
  3 eyes of draining
  An alligator simulacrum (Hell)
  7 centaurs
  20 boggarts
  An orc skeleton (Vaults:1)
  A snapping turtle skeleton (Geh:7)
  4 wolves (Lair:3)
  13 crocodiles
  36 bullfrogs
  Blork the orc (D:5)
  4 elf zombies
  7 big kobolds
  A glowing shapeshifter simulacrum (Vaults:1)
  7 earth elementals
  A yaktaur skeleton (Crypt:1)
  A deep troll simulacrum (Vaults:4)
  An ogre simulacrum (Vaults:1)
  2 wyvern zombies
  An elf skeleton (Crypt:2)
  5 scorpions
  An orc simulacrum (Vaults:1)
  10 killer bees
  A spriggan zombie (Dis:5)
  4 electric eels
  42 wights
  3 howler monkeys (D:9)
  15 crimson imps
  A bullfrog zombie (D:6)
  4 human simulacra
  2 quasits
  A wyvern simulacrum (D:14)
  An elf simulacrum (Hell)
  A bullfrog skeleton (D:9)
  10 centaur skeletons
  28 orc priests
  A hound (shapeshifter) (Elf:2)
  6 hounds
  7 jellies
  11 iron imps
  3 iguanas
  26 orc wizards
  A black bear skeleton (Crypt:1)
  37 worker ants
  7 hell rats
  A spriggan simulacrum (Hell)
  A killer bee zombie (D:6)
  A naga zombie (Geh:7)
  An ogre zombie (Geh:7)
  A sky beast zombie (Crypt:2)
  2 hound zombies
  11 mummies
  2 worker ant zombies
  12 adders
  11 river rats (Lair:4)
  12 shadow imps
  A white imp (Depths:3)
  4 oozes (Lair:6)
  3 adder skeletons
  A dart slug (D:3)
  6 leopard geckos
  107 orcs
  8 bats
  5 giant cockroaches
  6 goblins
  4 hobgoblins
  14 jackals
  25 kobolds
  7 quokkas
  9 ball pythons
  8 frilled lizards
  A goblin zombie (Crypt:1)
  A jackal skeleton (Crypt:1)
  A kobold skeleton (Crypt:3)
  2 kobold zombies
  2 quokka skeletons
  3 rats
  A bush (Lair:5)
  A butterfly (Lair:1)
  8 crawling corpses (Vaults:5)
  A fire vortex (Geh:7)
  A lurking horror (Abyss:5)
  A plant (Lair:6)
  A starspawn tentacle (Abyss:5)
  6 tentacles
3849 creatures vanquished.

Vanquished Creatures (others)
  A deep elf master archer (Elf:3)
  A fire giant (Vaults:5)
  A deep elf demonologist (Elf:3)
  A deep elf annihilator (Elf:3)
  An ettin (Depths:2)
  A vault guard (Vaults:5)
  An ogre mage (Depths:2)
  A sun demon (Geh:7)
  An unseen horror (D:13)
  A wolf spider zombie (Dis:6)
  A small abomination (Vaults:5)
  A fire giant zombie (Dis:6)
  2 ugly things
  2 elephants (Lair:6)
  A molten gargoyle (Geh:7)
  2 jumping spiders (Spider:3)
  A merfolk (Shoals:4)
  A red devil (Depths:5)
  A hydra skeleton (Geh:7)
  A shadow (Geh:1)
  A flying skull (Geh:3)
  A wraith (Geh:7)
  2 humans (Lair:6)
  2 fire elementals
  A hell hound (D:13)
  An orc warrior (Vaults:2)
  8 wights
  2 orc wizards
  A howler monkey skeleton (D:8)
  A white imp (Depths:3)
  3 orcs
  12 fungi
  43 plants
  2 starspawn tentacles (Abyss:5)
  24 tentacles
127 creatures vanquished.

Grand Total: 3976 creatures vanquished

Notes
Turn   | Place    | Note
-------+----------+-------------------------------------------
     0 | D:1      | inmateoo the Gnoll Skald began the quest for the Orb.
     0 | D:1      | Reached XP level 1. HP: 20/20 MP: 6/6
    74 | D:1      | Reached XP level 2. HP: 20/26 MP: 7/7
   150 | D:1      | Found a shimmering altar of Xom.
   357 | D:1      | Learned a level 2 spell: Song of Slaying
   360 | D:1      | Learned a level 2 spell: Shroud of Golubria
   530 | D:1      | Reached XP level 3. HP: 28/31 MP: 9/9
   535 | D:1      | Learned a level 3 spell: Regeneration
   539 | D:1      | Learned a level 3 spell: Spectral Weapon
   775 | D:2      | Reached skill level 5 in Spellcasting
   933 | D:2      | Reached skill level 1 in Invocations
   944 | D:2      | Reached skill level 1 in Short Blades
   944 | D:2      | Reached skill level 1 in Long Blades
   944 | D:2      | Reached skill level 1 in Axes
   944 | D:2      | Reached skill level 1 in Maces & Flails
   944 | D:2      | Reached skill level 1 in Staves
   944 | D:2      | Reached skill level 1 in Slings
   944 | D:2      | Reached skill level 1 in Bows
   944 | D:2      | Reached skill level 1 in Crossbows
   944 | D:2      | Reached skill level 1 in Throwing
   944 | D:2      | Reached skill level 1 in Stealth
   944 | D:2      | Reached skill level 1 in Shields
   944 | D:2      | Reached skill level 1 in Unarmed Combat
   944 | D:2      | Reached skill level 1 in Evocations
   954 | D:2      | Reached XP level 4. HP: 35/38 MP: 11/11
  1074 | D:2      | Noticed Sigmund
  1289 | D:3      | Reached skill level 1 in Conjurations
  1289 | D:3      | Reached skill level 1 in Hexes
  1289 | D:3      | Reached skill level 1 in Summonings
  1289 | D:3      | Reached skill level 1 in Necromancy
  1289 | D:3      | Reached skill level 1 in Translocations
  1289 | D:3      | Reached skill level 1 in Transmutations
  1289 | D:3      | Reached skill level 1 in Fire Magic
  1289 | D:3      | Reached skill level 1 in Ice Magic
  1289 | D:3      | Reached skill level 1 in Air Magic
  1289 | D:3      | Reached skill level 1 in Earth Magic
  1289 | D:3      | Reached skill level 1 in Poison Magic
  1482 | D:4      | Reached XP level 5. HP: 42/43 MP: 12/12
  1790 | D:4      | Reached XP level 6. HP: 46/50 MP: 13/13
  1826 | D:3      | Reached skill level 2 in Invocations
  2627 | D:4      | Noticed Edmund
  2659 | D:4      | Killed Edmund
  2659 | D:4      | Reached skill level 5 in Fighting
  2659 | D:4      | Reached skill level 5 in Polearms
  2659 | D:4      | Reached skill level 5 in Dodging
  2837 | D:4      | Noticed Grinder
  2855 | D:4      | Killed Grinder
  2855 | D:4      | Reached XP level 7. HP: 5/56 MP: 9/15
  3267 | D:4      | Got an ancient whip
  3268 | D:4      | Identified the cursed +2 whip of Ulev {flame, *Noise Dex+8}
                  | (You found it on level 4 of the Dungeon)
  3613 | D:2      | Killed Sigmund
  3613 | D:2      | Reached skill level 3 in Invocations
  3831 | D:5      | Entered Level 5 of the Dungeon
  3831 | D:5      | Noticed Blork the orc
  3842 | D:5      | Killed Blork the orc
  3881 | D:5      | Reached XP level 8. HP: 54/63 MP: 16/16
  4002 | D:5      | Noticed Menkaure
  4013 | D:5      | Killed Menkaure
  4070 | D:5      | Got a faintly glowing whip
  4071 | D:5      | Identified the +5 whip of Veyshrolu {venom, rElec rPois
                  | MR++ Stlth+} (You found it on level 5 of the Dungeon)
  4483 | D:6      | Found a staircase to the Ecumenical Temple.
  4506 | Temple   | Entered the Ecumenical Temple
  4649 | D:6      | Found the +2 hat of the Bear Spirit {Spirit, +Rage rN+
                  | MR++}
  4667 | D:6      | Found a stormy altar of Qazlal.
  4668 | D:6      | Found a snail-covered altar of Cheibriados.
  4668 | D:6      | Found a blossoming altar of Fedhas.
  4669 | D:6      | Found a burning altar of Makhleb.
  4669 | D:6      | Found a shadowy altar of Dithmenos.
  4672 | D:6      | Became a worshipper of Cheibriados the Contemplative
  4700 | D:6      | Got a pitted falchion
  4701 | D:6      | Identified the +11 falchion "Gunaloem" {drain, rPois Dex+3}
                  | (You found it on level 6 of the Dungeon)
  5045 | D:7      | Reached * piety under Cheibriados
  5045 | D:7      | Reached skill level 4 in Invocations
  5045 | D:7      | Reached XP level 9. HP: 59/69 MP: 18/18
  5529 | D:7      | Got a shimmering ring mail
  5540 | D:7      | Identified the cursed +1 ring mail of the Invisible Shrikes
                  | {Str+2 Int+4 Dex+4} (You found it on level 7 of the
                  | Dungeon)
  5722 | D:8      | Noticed a troll
  5732 | D:8      | Killed a troll
  5784 | D:8      | Found Micloemef's Jewellery Emporium.
  5904 | D:8      | Reached skill level 5 in Armour
  5910 | D:8      | Reached ** piety under Cheibriados
  5919 | D:8      | Noticed Pikel
  5947 | D:8      | Killed Pikel
  6098 | D:8      | Got a fabulously ornate robe
  6109 | D:8      | Identified the cursed +0 robe "Davvoom" {-Cast rPois Dex+4}
                  | (You found it on level 8 of the Dungeon)
  6161 | D:8      | Found Coqaffaw's General Store.
  6183 | D:8      | Found Ejeed's Food Boutique.
  6369 | D:8      | Reached skill level 5 in Invocations
  6767 | D:6      | Reached XP level 10. HP: 77/77 MP: 20/20
  6890 | D:9      | Found a sparkling altar of Nemelex Xobeh.
  6914 | D:9      | Reached *** piety under Cheibriados
  6998 | D:9      | Reached skill level 5 in Short Blades
  6998 | D:9      | Reached skill level 5 in Long Blades
  6998 | D:9      | Reached skill level 5 in Axes
  6998 | D:9      | Reached skill level 5 in Maces & Flails
  6998 | D:9      | Reached skill level 5 in Staves
  6998 | D:9      | Reached skill level 5 in Slings
  6998 | D:9      | Reached skill level 5 in Bows
  6998 | D:9      | Reached skill level 5 in Crossbows
  6998 | D:9      | Reached skill level 5 in Throwing
  6998 | D:9      | Reached skill level 5 in Stealth
  6998 | D:9      | Reached skill level 5 in Shields
  6998 | D:9      | Reached skill level 5 in Unarmed Combat
  6998 | D:9      | Reached skill level 5 in Evocations
  7257 | D:9      | Noticed a two-headed ogre
  7266 | D:9      | Killed a two-headed ogre
  7271 | D:9      | Noticed Joseph
  7282 | D:9      | Killed Joseph
  7314 | D:9      | Reached skill level 6 in Invocations
  7524 | D:10     | Entered Level 10 of the Dungeon
  7542 | D:10     | Found a staircase to the Orcish Mines.
  7569 | D:10     | Noticed a two-headed ogre
  7571 | D:10     | Reached **** piety under Cheibriados
  7587 | D:10     | Killed a two-headed ogre
  7676 | D:10     | Reached XP level 11. HP: 83/84 MP: 22/22
  7697 | D:10     | Noticed an unseen horror
  7708 | D:10     | Killed an unseen horror
  7830 | D:10     | Noticed Erolcha
  7847 | D:10     | Killed Erolcha
  7847 | D:10     | Reached skill level 5 in Conjurations
  7847 | D:10     | Reached skill level 5 in Hexes
  7847 | D:10     | Reached skill level 5 in Summonings
  7847 | D:10     | Reached skill level 5 in Necromancy
  7847 | D:10     | Reached skill level 5 in Translocations
  7847 | D:10     | Reached skill level 5 in Transmutations
  7847 | D:10     | Reached skill level 5 in Fire Magic
  7847 | D:10     | Reached skill level 5 in Ice Magic
  7847 | D:10     | Reached skill level 5 in Air Magic
  7847 | D:10     | Reached skill level 5 in Earth Magic
  7847 | D:10     | Reached skill level 5 in Poison Magic
  7928 | D:10     | Reached ***** piety under Cheibriados
  7974 | D:10     | Noticed a queen ant
  7984 | D:10     | Killed a queen ant
  7987 | D:10     | Reached skill level 7 in Invocations
  8446 | D:10     | Found a staircase to the Lair.
  8565 | D:11     | Noticed a two-headed ogre
  8571 | D:11     | Killed a two-headed ogre
  8588 | D:11     | Reached ****** piety under Cheibriados
  8804 | D:11     | Reached XP level 12. HP: 93/93 MP: 24/24
  9177 | D:11     | Learned a level 2 spell: Blink
  9363 | D:12     | Noticed a death knight
  9378 | D:12     | Killed a death knight
  9696 | D:12     | Got a heavily runed ring mail
  9707 | D:12     | Identified the +1 ring mail "Seutrual" {MR+ Int+3 Dex+2
                  | Stlth+} (You found it on level 12 of the Dungeon)
  9963 | D:12     | Noticed a two-headed ogre
  9979 | D:12     | Killed a two-headed ogre
 10159 | D:13     | Found a flickering gateway to a bazaar.
 10165 | D:13     | Noticed Azrael
 10201 | D:13     | Killed Azrael
 10216 | D:13     | Reached skill level 8 in Invocations
 10247 | Bazaar   | Entered a bazaar
 10273 | Bazaar   | Found Ximov's Magic Scroll Boutique.
 10339 | Bazaar   | Found Suatz's General Store.
 10363 | Bazaar   | Found Norpheff's Assorted Antiques.
 10402 | Bazaar   | Found Koximis's General Store.
 10407 | Bazaar   | Bought a scroll of identify for 26 gold pieces
 10407 | Bazaar   | Bought a +0 pair of boots for 58 gold pieces
 10443 | Bazaar   | Found Tuivag's Antique Weapon Shoppe.
 10468 | Bazaar   | Bought a potion of curing for 33 gold pieces
 10468 | Bazaar   | Bought a scroll of amnesia for 38 gold pieces
 10498 | Bazaar   | Bought a scroll of fog for 24 gold pieces
 10498 | Bazaar   | Bought a scroll of teleportation for 36 gold pieces
 10498 | Bazaar   | Bought a scroll of teleportation for 36 gold pieces
 10522 | Bazaar   | Bought a potion of curing for 60 gold pieces
 10522 | Bazaar   | Bought a runed scarf for 160 gold pieces
 10522 | Bazaar   | Bought a scroll of identify for 40 gold pieces
 10522 | Bazaar   | Bought a scroll of amnesia for 70 gold pieces
 10763 | D:13     | Noticed a two-headed ogre
 10775 | D:13     | Killed a two-headed ogre
 10930 | D:13     | Noticed an ogre mage
 10930 | D:13     | Noticed a sphinx
 10930 | D:13     | Noticed a yaktaur captain
 11418 | D:13     | Reached XP level 13. HP: 70/101 MP: 18/26
 11418 | D:13     | Killed an ogre mage
 11420 | D:13     | Killed a yaktaur captain
 11428 | D:13     | Killed a sphinx
 11537 | D:13     | Noticed an ettin
 11537 | D:13     | Noticed a storm dragon
 11544 | D:13     | Got a scintillating amber ring
 11545 | D:13     | Identified the ring "Qereff" {*Drain Str+9 Int+3 Slay+2}
                  | (You found it on level 13 of the Dungeon)
 11558 | D:13     | Killed an ettin
 11578 | D:13     | Killed a storm dragon
 11578 | D:13     | Reached skill level 9 in Invocations
 11652 | D:13     | Got a twisted rapier
 11656 | D:13     | Identified the +2 rapier of the Absolute Madman {elec,
                  | Str+7} (You found it on level 13 of the Dungeon)
 11788 | D:14     | Noticed a vault guard
 11788 | D:14     | Noticed a vault guard
 11926 | D:14     | Found a runed translucent gate.
 11928 | D:14     | Found a runed translucent gate.
 11929 | D:14     | Found a runed translucent gate.
 11929 | D:14     | Noticed a green very ugly thing
 11930 | D:14     | Noticed a white very ugly thing
 11930 | D:14     | Noticed a red very ugly thing
 12181 | D:14     | Found a gate to the Vaults.
 12181 | D:14     | Noticed a vault guard
 12181 | D:14     | Noticed a vault guard
 12181 | D:14     | Noticed a vault guard
 12182 | D:14     | Noticed a vault guard
 12182 | D:14     | Noticed a vault guard
 12183 | D:14     | Noticed a vault guard
 12192 | D:14     | Killed a vault guard
 12199 | D:14     | Killed a vault guard
 12208 | D:14     | Killed a vault guard
 12211 | D:14     | Killed a vault guard
 12218 | D:14     | Killed a vault guard
 12258 | D:14     | Killed a vault guard
 12266 | D:14     | Killed a vault guard
 12451 | D:14     | Killed a vault guard
 12451 | D:14     | Reached skill level 10 in Spellcasting
 12560 | D:14     | Reached XP level 14. HP: 109/109 MP: 16/28
 12654 | D:14     | Learned a level 1 spell: Apportation
 12854 | D:15     | Entered Level 15 of the Dungeon
 12867 | D:14     | Reached skill level 10 in Fighting
 12867 | D:14     | Reached skill level 10 in Polearms
 12867 | D:14     | Reached skill level 10 in Dodging
 13107 | D:15     | Noticed a vampire knight
 13113 | D:15     | Killed a vampire knight
 13116 | D:15     | Noticed a vampire knight
 13121 | D:15     | Killed a vampire knight
 13141 | D:15     | Found the +12 Vampire's Tooth {vamp}
 13381 | D:15     | Reached skill level 10 in Invocations
 13697 | D:15     | Found a staircase to the Depths.
 13863 | Orc:1    | Entered Level 1 of the Orcish Mines
 13864 | Orc:1    | Noticed Jorgrun
 13886 | Orc:1    | Killed Jorgrun
 14005 | Orc:2    | Entered Level 2 of the Orcish Mines
 14119 | Orc:1    | Found Remiesoa's Book Emporium.
 14212 | Orc:1    | Noticed an orc warlord
 14227 | Orc:1    | Killed an orc warlord
 14227 | Orc:1    | Reached XP level 15. HP: 90/117 MP: 22/29
 14448 | Orc:2    | Found a runed translucent gate.
 14448 | Orc:2    | Found a runed translucent gate.
 14448 | Orc:2    | Found a runed translucent gate.
 14451 | Orc:2    | Noticed Swippen's ghost (journeyman TrMo)
 14452 | Orc:2    | Identified the +2 scimitar of Doom {slice, rN+ Str-4 Dex+8}
 14459 | Orc:2    | Identified the amulet of Xom's Esteem {Faith Int+3}
 14512 | Orc:2    | Noticed an orc warlord
 14594 | Orc:2    | Killed an orc warlord
 14594 | Orc:2    | Reached skill level 10 in Armour
 14773 | Orc:2    | Found a roughly hewn altar of Beogh.
 15135 | Orc:2    | Found a staircase to the Elven Halls.
 15345 | Orc:2    | Found Celo's Antique Weapon Shoppe.
 15345 | Orc:2    | Found Piolluq's Antique Armour Boutique.
 15347 | Orc:2    | Found Ubeomulo's Jewellery Boutique.
 15347 | Orc:2    | Found Wesusk's Food Shoppe.
 15423 | Orc:2    | Found a roughly hewn altar of Beogh.
 15672 | Orc:2    | Killed Swippen's ghost
 15876 | Lair:1   | Entered Level 1 of the Lair of Beasts
 16013 | Lair:1   | Reached skill level 10 in Charms
 16829 | Lair:2   | Reached skill level 10 in Short Blades
 16829 | Lair:2   | Reached skill level 10 in Long Blades
 16829 | Lair:2   | Reached skill level 10 in Axes
 16829 | Lair:2   | Reached skill level 10 in Maces & Flails
 16829 | Lair:2   | Reached skill level 10 in Staves
 16829 | Lair:2   | Reached skill level 10 in Slings
 16829 | Lair:2   | Reached skill level 10 in Bows
 16829 | Lair:2   | Reached skill level 10 in Crossbows
 16829 | Lair:2   | Reached skill level 10 in Throwing
 16829 | Lair:2   | Reached skill level 10 in Stealth
 16829 | Lair:2   | Reached skill level 10 in Shields
 16829 | Lair:2   | Reached skill level 10 in Unarmed Combat
 16829 | Lair:2   | Reached skill level 10 in Evocations
 17171 | Lair:2   | Noticed Gastronok
 17181 | Lair:2   | Killed Gastronok
 17304 | Lair:2   | Found a hole to the Spider Nest.
 17632 | Lair:3   | Reached skill level 11 in Invocations
 18391 | Lair:4   | Found a staircase to the Shoals.
 18446 | Lair:4   | Got a smoking copper ring
 18753 | Lair:4   | Reached XP level 16. HP: 118/125 MP: 28/31
 18883 | Lair:4   | Identified a ring of Liberalism {rF+ MR+ Dex+4} (You found
                  | it on level 4 of the Lair of Beasts)
 18917 | Lair:5   | Found the ring of Robustness {AC+8}
 19006 | Lair:5   | Found a frozen archway.
 19025 | IceCv    | Entered an ice cave
 19288 | IceCv    | Identified the amulet "Goij" {Acrobat rElec Str-2 Stlth+}
                  | (You found it in an ice cave)
 19290 | IceCv    | Identified the ring of Due Proportion {Fire MR+ Str-3 Int+3
                  | Dex+3} (You found it in an ice cave)
 20586 | Lair:6   | Entered Level 6 of the Lair of Beasts
 20586 | Lair:6   | Noticed Urug
 20593 | Lair:6   | Killed Urug
 20868 | Lair:6   | Noticed Kirke
 20881 | Lair:6   | Killed Kirke
 21401 | Lair:6   | Got a brightly glowing morningstar
 21402 | Lair:6   | Identified the cursed +1 morningstar "Demonslayer" {speed,
                  | rC+ Dex+3} (You found it on level 6 of the Lair of Beasts)
 21527 | Lair:6   | Found a staircase to the Slime Pits.
 21822 | Orc:1    | Bought a book of Transfigurations for 825 gold pieces
 21877 | Orc:2    | Bought a runed cloak for 255 gold pieces
 21893 | Orc:2    | Learned a level 2 spell: Passwall
 21900 | Orc:2    | Learned a level 6 spell: Deflect Missiles
 21907 | Orc:2    | Learned a level 6 spell: Statue Form
 22079 | D:8      | Bought the amulet of Vitality {Regen+ HP+15} for 869 gold
                  | pieces
 22079 | D:8      | Found the amulet of Vitality {Regen+ HP+15}
 22174 | D:8      | Bought a scroll of blinking for 90 gold pieces
 22174 | D:8      | Bought a phial of floods for 480 gold pieces
 22174 | D:8      | Bought a scroll of blinking for 90 gold pieces
 22174 | D:8      | Bought a potion of curing for 36 gold pieces
 22310 | Spider:1 | Entered Level 1 of the Spider Nest
 22381 | Spider:1 | Got a heavily runed zirconium amulet
 22382 | Spider:1 | Identified the amulet "Xett" {Inacc Str+4} (You found it on
                  | level 1 of the Spider Nest)
 22470 | Spider:1 | Reached XP level 17. HP: 126/133 MP: 21/33
 22547 | Spider:1 | Reached skill level 12 in Invocations
 23233 | Spider:2 | Noticed Arachne
 23283 | Spider:2 | Killed Arachne
 23842 | Spider:2 | Identified the cursed +1 ring mail "Ogoyc" {rF+ rC+ rN++}
                  | (You found it on level 2 of the Spider Nest)
 24106 | Spider:3 | Noticed Aizul
 24127 | Spider:3 | Killed Aizul
 24189 | Spider:3 | Noticed Nikola
 24202 | Spider:3 | Killed Nikola
 24433 | Spider:3 | Reached skill level 10 in Conjurations
 24433 | Spider:3 | Reached skill level 10 in Hexes
 24433 | Spider:3 | Reached skill level 10 in Summonings
 24433 | Spider:3 | Reached skill level 10 in Necromancy
 24433 | Spider:3 | Reached skill level 10 in Translocations
 24433 | Spider:3 | Reached skill level 10 in Transmutations
 24433 | Spider:3 | Reached skill level 10 in Fire Magic
 24433 | Spider:3 | Reached skill level 10 in Ice Magic
 24433 | Spider:3 | Reached skill level 10 in Air Magic
 24433 | Spider:3 | Reached skill level 10 in Earth Magic
 24433 | Spider:3 | Reached skill level 10 in Poison Magic
 24489 | Spider:3 | Reached XP level 18. HP: 141/141 MP: 32/34
 25068 | Spider:4 | Entered Level 4 of the Spider Nest
 25069 | Spider:4 | Noticed Asterion
 25081 | Spider:4 | Killed Asterion
 25494 | Spider:4 | Reached skill level 13 in Invocations
 25641 | Spider:4 | Got a gossamer rune of Zot
 26160 | Shoals:1 | Entered Level 1 of the Shoals
 26731 | Shoals:1 | Found a shattered altar of Ashenzari.
 27022 | Shoals:2 | Found Ehathau's Antique Armour Shoppe.
 27079 | Shoals:2 | Bought a jewelled helmet for 304 gold pieces
 27089 | Shoals:2 | Identified the +0 helmet "Fesilette" {*Contam +Fly Regen+
                  | rCorr} (You bought it in a shop on level 2 of the Shoals)
 27130 | Shoals:2 | Reached XP level 19. HP: 149/149 MP: 36/36
 27784 | Shoals:2 | Got an ancient marble ring
 27785 | Shoals:2 | Identified the ring "Wol Akask" {rC+ MP+9 Str-3 Dex+3
                  | Slay+3} (You found it on level 2 of the Shoals)
 28369 | Shoals:3 | Got a crude ruby amulet
 28535 | Shoals:4 | Entered Level 4 of the Shoals
 29022 | Shoals:4 | Got a barnacled rune of Zot
 29052 | Shoals:4 | Identified the amulet "Xashuun" {rPois rN++ MR+ Regen+
                  | Dex+3} (You found it on level 3 of the Shoals)
 29772 | Elf:1    | Entered Level 1 of the Elven Halls
 29865 | Elf:1    | Found Hawno's Gadget Boutique.
 30012 | Elf:1    | Reached XP level 20. HP: 157/157 MP: 31/37
 30042 | Elf:1    | Reached skill level 14 in Invocations
 30201 | Elf:1    | Identified the Volume of Hedging
 30209 | Elf:1    | Learned a level 5 spell: Borgnjor's Vile Clutch
 30667 | Elf:2    | Identified Sif Muna's Tome of Confrontation
 30812 | Elf:2    | Noticed a Tzitzimitl
 30908 | Elf:2    | Found a huge runed translucent gate.
 30908 | Elf:2    | Found a huge runed translucent gate.
 30908 | Elf:2    | Found a huge runed translucent gate.
 30912 | Elf:2    | Found a huge runed translucent gate.
 30919 | Elf:2    | Found a huge runed translucent gate.
 31059 | Elf:2    | Found a transporter.
 31112 | Elf:2    | Found a transporter.
 31131 | Elf:2    | Noticed Yakesh's ghost (adept MiFi)
 31215 | Elf:2    | Learned a level 4 spell: Olgreb's Toxic Radiance
 31553 | Elf:2    | Killed Yakesh's ghost
 31556 | Elf:2    | Got a slimy bone ring
 31557 | Elf:2    | Identified the ring "Wearch" {+Inv MR- Int+3 SInv Stlth-}
                  | (You found it on level 2 of the Elven Halls)
 31992 | Elf:3    | Entered Level 3 of the Elven Halls
 32146 | Elf:3    | Found Ucamet's Distillery.
 32512 | Elf:3    | Noticed a Brimstone Fiend
 32525 | Elf:3    | Reached XP level 21. HP: 165/165 MP: 18/39
 32612 | Elf:3    | Identified the +4 glaive of Hemusch {chop, +Fly Str+3 SInv
                  | Stlth-}
 32619 | Elf:3    | Identified the +3 flail "Niet" {flame, +Blink +Fly rElec}
 32619 | Elf:3    | Identified the amulet "Tapehuhe" {Spirit *Slow rN++ Dex+6}
 32735 | Elf:3    | Found the +3 robe of Folly {Archmagi, MR-- Int+5}
 32825 | Elf:3    | Found the +3 sling "Punk" {acid, rCorr}
 32886 | Elf:3    | Learned a level 7 spell: Ring of Flames
 33102 | Vaults:1 | Entered Level 1 of the Vaults
 33165 | Vaults:1 | Found a portal to a secret trove of treasure.
 33334 | Vaults:1 | Found Qumun's Magic Scroll Shoppe.
 33640 | Vaults:1 | Reached skill level 15 in Invocations
 34503 | Vaults:2 | Found a staircase to the Crypt.
 34503 | Vaults:2 | Found a basalt altar of Yredelemnul.
 34504 | Vaults:2 | Found an ancient bone altar of Kikubaaqudgha.
 34605 | Vaults:2 | Reached XP level 22. HP: 173/173 MP: 33/40
 34705 | Vaults:2 | Identified a scroll of acquirement
 35098 | Vaults:2 | Found Zaev Wukk's Food Emporium.
 35138 | Vaults:2 | Reached skill level 15 in Spellcasting
 35320 | Vaults:2 | Found a runed translucent gate.
 35320 | Vaults:2 | Found a runed translucent gate.
 35321 | Vaults:2 | Found a runed translucent gate.
 35322 | Vaults:2 | Noticed Kipt's ghost (adept SpFE)
 35595 | Vaults:2 | Found an iron altar of Okawaru.
 35614 | Vaults:2 | Killed Kipt's ghost
 35710 | Vaults:3 | Reached skill level 15 in Fighting
 35710 | Vaults:3 | Reached skill level 15 in Polearms
 35710 | Vaults:3 | Reached skill level 15 in Dodging
 36312 | Vaults:3 | Found Zawuige's Weapon Shop.
 36450 | Vaults:3 | You fall into a shaft and drop 1 floor!
 36718 | Vaults:4 | Reached XP level 23. HP: 181/181 MP: 42/42
 36946 | Vaults:4 | Reached skill level 15 in Armour
 36971 | Vaults:4 | Identified the amulet of the Tormentor {Reflect Dex+4 SH+3}
                  | (You found it on level 4 of the Vaults)
 37229 | Vaults:4 | Reached skill level 16 in Invocations
 38355 | Slime:1  | Entered Level 1 of the Pits of Slime
 38462 | Slime:2  | Reached skill level 15 in Short Blades
 38462 | Slime:2  | Reached skill level 15 in Long Blades
 38462 | Slime:2  | Reached skill level 15 in Axes
 38462 | Slime:2  | Reached skill level 15 in Maces & Flails
 38462 | Slime:2  | Reached skill level 15 in Staves
 38462 | Slime:2  | Reached skill level 15 in Slings
 38462 | Slime:2  | Reached skill level 15 in Bows
 38462 | Slime:2  | Reached skill level 15 in Crossbows
 38462 | Slime:2  | Reached skill level 15 in Throwing
 38462 | Slime:2  | Reached skill level 15 in Stealth
 38462 | Slime:2  | Reached skill level 15 in Shields
 38462 | Slime:2  | Reached skill level 15 in Unarmed Combat
 38462 | Slime:2  | Reached skill level 15 in Evocations
 38640 | Slime:3  | Gained mutation: You occasionally shout uncontrollably at
                  | your foes. [a shining eye]
 38641 | Slime:3  | Gained mutation: Your body sometimes deteriorates upon
                  | taking damage. [a shining eye]
 38718 | Slime:5  | Entered Level 5 of the Pits of Slime
 38852 | Slime:3  | Gained mutation: You tend to lose your temper in combat. [a
                  | shining eye]
 38853 | Slime:3  | Gained mutation: You have sharp toenails. [a shining eye]
 39178 | Slime:5  | Noticed the Royal Jelly
 39193 | Slime:5  | Killed the Royal Jelly
 39276 | Slime:5  | Reached XP level 24. HP: 190/190 MP: 29/42
 39293 | Slime:5  | Found the +3 robe of Clouds {+Thunder rCloud rElec}
 39372 | Slime:5  | Identified the ring "Dorar" {rPois Str+3 Int-3 Dex+5
                  | Stlth+} (You found it on level 5 of the Pits of Slime)
 39389 | Slime:5  | Reached XP level 25. HP: 197/197 MP: 42/43
 39408 | Slime:5  | Got a slimy rune of Zot
 39431 | Slime:5  | Identified the amulet "Leddug" {Gourm +Fly rElec rPois
                  | Int-5} (You found it on level 5 of the Pits of Slime)
 39433 | Slime:5  | Identified the cursed ring of Cunotuba {*Drain +Fly rC+
                  | Int-2} (You found it on level 5 of the Pits of Slime)
 39525 | Lair:6   | Lost mutation: Your body sometimes deteriorates upon taking
                  | damage. [potion of mutation]
 39525 | Lair:6   | Lost mutation: You tend to lose your temper in combat.
                  | [potion of mutation]
 39525 | Lair:6   | Gained mutation: You are resistant to hostile enchantments.
                  | (MR+) [potion of mutation]
 39525 | Lair:6   | Gained mutation: You have sharp fingernails. [potion of
                  | mutation]
 39846 | Depths:1 | Entered Level 1 of the Depths
 40389 | Depths:1 | Found Xary's Jewellery Shoppe.
 40898 | Depths:1 | Found a gateway to Hell.
 41217 | Depths:2 | Reached skill level 17 in Invocations
 41345 | Depths:2 | Found a corrupted altar of Lugonu.
 41473 | Depths:2 | Found a one-way gate to the infinite horrors of the Abyss.
 41870 | Depths:3 | Reached XP level 26. HP: 206/206 MP: 34/43
 41942 | Depths:3 | Noticed Frederick
 41949 | Depths:3 | Killed Frederick
 42008 | Depths:3 | Found a one-way gate leading to the halls of Pandemonium.
 42440 | Depths:3 | Got a fine brass ring
 42454 | Depths:3 | Identified the ring "Pisopiom" {rN+ Dex+3} (You found it on
                  | level 3 of the Depths)
 42630 | Depths:3 | You fall into a shaft and drop 2 floors!
 42630 | Depths:5 | Entered Level 5 of the Depths
 42915 | Depths:5 | Found a gate to the Realm of Zot.
 43182 | Depths:5 | Reached skill level 15 in Charms
 43718 | Depths:4 | Noticed Boris
 43725 | Depths:4 | Killed Boris
 43778 | Depths:4 | Found a gateway to a ziggurat.
 43894 | Depths:4 | Found the +7 captain's cutlass {speed, disarm}
 44169 | Depths:4 | Reached XP level 27. HP: 209/214 MP: 42/44
 44566 | Depths:4 | Identified the cursed +2 hand axe of Sin {elec, Dex+4 SInv}
 44571 | Depths:4 | Reached skill level 18 in Invocations
 44826 | Depths:4 | Found Joyjiel's Jewellery Emporium.
 44827 | Depths:4 | Found Muzaarch's Gadget Shop.
 44827 | Depths:4 | Found Zuij's Gadget Shop.
 44939 | Zot:1    | Entered Level 1 of the Realm of Zot
 45044 | Zot:1    | Noticed an orb of fire
 45055 | Zot:1    | Gained mutation: Your magical capacity is low. (-10% MP)
                  | [an orb of fire]
 45057 | Zot:1    | Killed an orb of fire
 45100 | Zot:1    | You fall into a shaft and drop 1 floor!
 45208 | Zot:2    | Noticed an orb of fire
 45208 | Zot:2    | Gained mutation: You have a pair of small antennae on your
                  | head. [an orb of fire]
 45212 | Zot:2    | Lost mutation: You are resistant to hostile enchantments.
                  | (MR+) [an orb of fire]
 45217 | Zot:2    | Killed an orb of fire
 46569 | Zot:3    | Reached skill level 15 in Conjurations
 46569 | Zot:3    | Reached skill level 15 in Hexes
 46569 | Zot:3    | Reached skill level 15 in Summonings
 46569 | Zot:3    | Reached skill level 15 in Necromancy
 46569 | Zot:3    | Reached skill level 15 in Translocations
 46569 | Zot:3    | Reached skill level 15 in Transmutations
 46569 | Zot:3    | Reached skill level 15 in Fire Magic
 46569 | Zot:3    | Reached skill level 15 in Ice Magic
 46569 | Zot:3    | Reached skill level 15 in Air Magic
 46569 | Zot:3    | Reached skill level 15 in Earth Magic
 46569 | Zot:3    | Reached skill level 15 in Poison Magic
 47098 | Zot:4    | Noticed an orb of fire
 47109 | Zot:4    | Gained mutation: You are weak. (Str -2) [an orb of fire]
 47113 | Zot:4    | Gained mutation: Your body sometimes deteriorates upon
                  | taking damage. [an orb of fire]
 47114 | Zot:4    | Killed an orb of fire
 47680 | Zot:5    | Entered Level 5 of the Realm of Zot
 47707 | Zot:5    | Reached skill level 19 in Invocations
 47720 | Zot:5    | Noticed an orb of fire
 47724 | Zot:5    | Gained mutation: You are clumsy. (Dex -2) [an orb of fire]
 47727 | Zot:5    | Gained mutation: You sometimes yell uncontrollably at your
                  | foes. [an orb of fire]
 47728 | Zot:5    | Killed an orb of fire
 47728 | Zot:5    | Noticed an ancient lich
 47731 | Zot:5    | Killed an ancient lich
 47865 | Zot:5    | Noticed an ancient lich
 47867 | Zot:5    | Noticed an orb of fire
 47870 | Zot:5    | Killed an ancient lich
 47877 | Zot:5    | Killed an orb of fire
 48498 | Zot:5    | Noticed an ancient lich
 48498 | Zot:5    | Noticed an orb of fire
 48503 | Zot:5    | Noticed an ancient lich
 48503 | Zot:5    | Gained mutation: Scrolls take you a little longer to read.
                  | [an orb of fire]
 48505 | Zot:5    | Gained mutation: Your spells are a little easier to cast,
                  | but a little less powerful. [an orb of fire]
 48507 | Zot:5    | Killed an orb of fire
 48514 | Zot:5    | Killed an ancient lich
 48515 | Zot:5    | Noticed an ancient lich
 48517 | Zot:5    | Killed an ancient lich
 48520 | Zot:5    | Killed an ancient lich
 48809 | Zot:5    | Gained mutation: Scrolls take you longer to read. [the
                  | power of Zot]
 48809 | Zot:5    | Gained mutation: Armour fits poorly on your strangely
                  | shaped body. [the power of Zot]
 48811 | Zot:5    | Cast into level 5 of the Abyss (the power of Zot)
 48811 | Abyss:5  | Entered Level 5 of the Abyss
 49014 | Abyss:5  | Paralysed by accursed screaming for 1 turns
 49041 | Zot:5    | Escaped the Abyss
 49983 | Vaults:5 | Entered Level 5 of the Vaults
 50012 | Vaults:5 | Noticed an ancient lich
 50024 | Vaults:5 | Killed an ancient lich
 50024 | Vaults:5 | Reached skill level 20 in Invocations
 50168 | Vaults:5 | Identified the +7 spear "Jorocruq" {pierce, rElec}
 50189 | Vaults:5 | Noticed an ancient lich
 50218 | Vaults:5 | Noticed an ancient lich
 50371 | Vaults:5 | Killed an ancient lich
 50450 | Vaults:5 | Found Cerrudof's Magic Scroll Shoppe.
 50460 | Vaults:5 | Bought a scroll of identify for 34 gold pieces
 50460 | Vaults:5 | Bought a scroll of identify for 34 gold pieces
 50460 | Vaults:5 | Bought a scroll of identify for 34 gold pieces
 50460 | Vaults:5 | Bought a scroll of teleportation for 51 gold pieces
 50477 | Vaults:5 | Killed an ancient lich
 50825 | Vaults:5 | Found the +8 Wrath of Trog {antimagic, *Rage}
 51132 | Vaults:5 | Found Evoinoa's Distillery.
 51136 | Vaults:5 | Bought a potion of brilliance for 64 gold pieces
 51136 | Vaults:5 | Bought a potion of heal wounds for 80 gold pieces
 51136 | Vaults:5 | Bought a potion of curing for 48 gold pieces
 51143 | Vaults:5 | Found Diup's Magic Scroll Emporium.
 51147 | Vaults:5 | Bought a scroll of acquirement for 780 gold pieces
 51147 | Vaults:5 | Bought a scroll of identify for 30 gold pieces
 51147 | Vaults:5 | Bought a scroll of blinking for 112 gold pieces
 51147 | Vaults:5 | Bought a scroll of identify for 30 gold pieces
 51147 | Vaults:5 | Bought a scroll of fear for 52 gold pieces
 51147 | Vaults:5 | Bought a scroll of fog for 30 gold pieces
 51212 | Vaults:5 | Got a silver rune of Zot
 51484 | Vaults:1 | You paid a toll of 2 scrolls of acquirement to enter a
                  | treasure trove
 51485 | Trove    | Entered a treasure trove
 51510 | Trove    | Identified the +0 crystal plate armour "Lanucwod" {*Drain
                  | Str+2 Dex+2} (You found it in a treasure trove)
 51512 | Trove    | Got a brightly glowing granite ring
 51515 | Trove    | Identified the ring of the Iron Devil {rElec rPois rC+
                  | Str+2 Int+4} (You found it in a treasure trove)
 51517 | Trove    | Got a scorched copper ring
 51520 | Trove    | Identified the ring "Nirphupsu" {rF+ rCorr Str+4} (You
                  | found it in a treasure trove)
 51523 | Trove    | Identified the +2 hat of Leam Behau {-Tele rElec rC+++
                  | Str+4} (You found it in a treasure trove)
 51533 | Trove    | Identified the cursed +0 leather armour "Torianoe" {rN+
                  | Int+4} (You found it in a treasure trove)
 51548 | Vaults:1 | Lost mutation: Your body sometimes deteriorates upon taking
                  | damage. [potion of mutation]
 51548 | Vaults:1 | Lost mutation: Your magical capacity is low. (-10% MP)
                  | [potion of mutation]
 51548 | Vaults:1 | Lost mutation: Armour fits poorly on your strangely shaped
                  | body. [potion of mutation]
 51548 | Vaults:1 | Lost mutation: Scrolls take you longer to read. [potion of
                  | mutation]
 51548 | Vaults:1 | Lost mutation: Scrolls take you a little longer to read.
                  | [potion of mutation]
 51548 | Vaults:1 | Lost mutation: Your spells are a little easier to cast, but
                  | a little less powerful. [potion of mutation]
 51548 | Vaults:1 | Gained mutation: You are partially covered in yellow
                  | scales. (AC +2) [potion of mutation]
 51549 | Vaults:1 | Lost mutation: You sometimes yell uncontrollably at your
                  | foes. [potion of mutation]
 51549 | Vaults:1 | Lost mutation: You are clumsy. (Dex -2) [potion of
                  | mutation]
 51549 | Vaults:1 | Lost mutation: You have sharp toenails. [potion of
                  | mutation]
 51549 | Vaults:1 | Gained mutation: You sometimes yell uncontrollably at your
                  | foes. [potion of mutation]
 51549 | Vaults:1 | Gained mutation: Your body sometimes deteriorates upon
                  | taking damage. [potion of mutation]
 51549 | Vaults:1 | Gained mutation: Your mind is acute. (Int +2) [potion of
                  | mutation]
 51550 | Vaults:1 | Lost mutation: Your mind is acute. (Int +2) [potion of
                  | mutation]
 51550 | Vaults:1 | Lost mutation: Your body sometimes deteriorates upon taking
                  | damage. [potion of mutation]
 51550 | Vaults:1 | Lost mutation: You sometimes yell uncontrollably at your
                  | foes. [potion of mutation]
 51550 | Vaults:1 | Lost mutation: You are weak. (Str -2) [potion of mutation]
 51550 | Vaults:1 | Gained mutation: You evolve. [potion of mutation]
 51550 | Vaults:1 | Gained mutation: You have large cloven feet. [potion of
                  | mutation]
 51616 | Crypt:1  | Entered Level 1 of the Crypt
 51770 | Crypt:1  | Gained mutation: You are partially covered in iridescent
                  | scales. (AC +2) [evolution]
 52291 | Crypt:2  | Noticed Boris
 52298 | Crypt:2  | Killed Boris
 52682 | Crypt:2  | Found the +3 giant club "Skullcrusher" {speed, Str+7}
 52953 | Crypt:3  | Entered Level 3 of the Crypt
 53188 | Crypt:3  | Found the +7 sceptre of Torment {pain, torment}
 53349 | Crypt:3  | Found a staircase to the Tomb.
 53732 | Crypt:3  | Got a serpentine lead ring
 53735 | Crypt:3  | Identified the ring of Yesterday {rPois rN+ MR++} (You
                  | found it on level 3 of the Crypt)
 53737 | Crypt:3  | Identified the ring of Leaves {+Blink rN+} (You found it on
                  | level 3 of the Crypt)
 53832 | Crypt:3  | Noticed an ancient lich
 53836 | Crypt:3  | Killed an ancient lich
 53944 | Crypt:3  | Found an ancient bone altar of Kikubaaqudgha.
 53946 | Crypt:3  | Noticed an ancient lich
 53956 | Crypt:3  | Killed an ancient lich
 53961 | Crypt:3  | Noticed an ancient lich
 53973 | Crypt:3  | Killed an ancient lich
 53983 | Crypt:3  | Found the +0 staff of Battle
 54576 | D:14     | Found a runed translucent gate.
 54576 | D:14     | Found a runed translucent gate.
 54580 | D:14     | Found a runed translucent gate.
 54581 | D:14     | Noticed Jiolyugh's ghost (journeyman GrEE)
 54597 | D:14     | Killed Jiolyugh's ghost
 54619 | D:14     | Identified a +2 pair of boots of running (You found it on
                  | level 14 of the Dungeon)
 54728 | Hell     | Entered the Vestibule of Hell
 54728 | Hell     | Noticed Geryon
 54755 | Hell     | Killed Geryon
 54755 | Hell     | Reached skill level 21 in Invocations
 54936 | Hell     | Found a gateway to the Iron City of Dis.
 55050 | Hell     | Found a gateway to the freezing wastes of Cocytus.
 55062 | Hell     | Lost mutation: You have a pair of small antennae on your
                  | head. [evolution]
 55148 | Hell     | Found a gateway to the decaying netherworld of Tartarus.
 55313 | Hell     | Found a gateway to the ashen valley of Gehenna.
 55631 | Depths:1 | Bought the ring of Iwouthem {+Blink rC+ Str+2 Int+2 SInv}
                  | for 774 gold pieces
 55716 | Tar:1    | Entered Level 1 of Tartarus
 56992 | Tar:4    | You fall into a shaft and drop 2 floors!
 57025 | Tar:7    | Entered Level 7 of Tartarus
 57103 | Tar:7    | Noticed an ancient lich
 57103 | Tar:7    | Noticed an ancient lich
 57111 | Tar:7    | Killed an ancient lich
 57115 | Tar:7    | Killed an ancient lich
 57168 | Tar:7    | Found the macabre finger necklace {rN+}
 57415 | Tar:7    | Learned a level 9 spell: Shatter
 57436 | Tar:7    | Noticed the Serpent of Hell
 57445 | Tar:7    | Killed the Serpent of Hell
 57515 | Tar:7    | Noticed Ereshkigal
 57554 | Tar:7    | Killed Ereshkigal
 57554 | Tar:7    | Reached skill level 22 in Invocations
 57611 | Tar:7    | Got a bone rune of Zot
 57682 | Tar:7    | Found the ring of the Mage {Wiz MR++ Int+3}
 57849 | Tar:7    | Gained mutation: You have a pair of small antennae on your
                  | head. [evolution]
 57939 | Tar:7    | Gained mutation: You are dopey. (Int -2) [mutagenic glow]
 58073 | Geh:1    | Entered Level 1 of Gehenna
 58590 | Geh:4    | Learned a level 4 spell: Passage of Golubria
 58677 | Geh:4    | Lost mutation: You have a pair of small antennae on your
                  | head. [the power of Zot]
 58750 | Geh:7    | Entered Level 7 of Gehenna
 58920 | Geh:7    | Gained mutation: Armour fits poorly on your strangely
                  | shaped body. [mutagenic glow]
 58977 | Geh:7    | Identified Gyvveynk's Reference Book on Bewitchment
 59047 | Geh:7    | Identified the ring of Urrilig {*Tele Int+4} (You found it
                  | on level 7 of Gehenna)
 59225 | Geh:7    | Identified the +7 sceptre of Asmodeus
 59225 | Geh:7    | Noticed Asmodeus
 59238 | Geh:7    | Killed Asmodeus
 59249 | Geh:7    | Found the +8 demon trident "Rift" {distort, reach+}
 59276 | Geh:7    | Got an obsidian rune of Zot
 59303 | Geh:7    | Identified Cixoomne's Almanac of Venom and the Oath
 59460 | Dis:1    | Entered Level 1 of the Iron City of Dis
 59948 | Dis:3    | Lost mutation: You have large cloven feet. [evolution]
 60230 | Dis:6    | Reached skill level 23 in Invocations
 60263 | Dis:6    | Gained mutation: Your spells are a little easier to cast,
                  | but a little less powerful. [mutagenic glow]
 60266 | Dis:6    | Killed from afar by a hellion

Levels and vault maps discovered:
D:1:      nicolae_arrival_washed_ashore, layout_basic, serial_bayou_ford_a,
          xom_teletrap_fun
D:2:      layout_rooms, first_ration, minmay_snake_closets, uniq_sigmund
D:3:      layout_basic
D:4:      layout_basic, uniq_edmund, uniq_grinder
D:5:      layout_basic, uniq_blork_the_orc, uniq_menkaure
D:6:      kb_forest_paths, layout_loops_ring, grunt_temple_overflow_open,
          solitary_fountain
D:7:      statuecave_lemuel, layout_loops_cross
D:8:      layout_basic, serial_shops, kennysheep_mini_moat,
          nicolae_shop_behind_doors, kennysheep_mini, uniq_pikel
D:9:      layout_basic, nemelex_xobeh_ov_fountains_minmay, uniq_joseph
D:10:     layout_loops_ring, david_lair_shrubbed, orc_0_dummy, the_bakery,
          zaba_antful_of_joy, uniq_erolcha
D:11:     layout_irregular_city
D:12:     minmay_bubble_buster, layout_basic
D:13:     minmay_expanding_circles, layout_basic, serial_shops, bzr_entry_gold,
          uniq_azrael
D:14:     layout_basic, erik_vaults_2,
          ploomutoo_gammafunk_ghost_potion_laboratory
D:15:     grunt_enter_depths_magical_seal, layout_cave_pools,
          grunt_decor_resistance, minmay_guarded_unrand_vampires_tooth
Temple:   kb_temple_of_zot
Lair:1:   layout_cave_pods, lemuel_fruit_tree, lemuel_fruit_fields
Lair:2:   layout_hall_layers, spider_nest_entry_funnel_web,
          beast_lair_carwin_10, minmay_lair_oklob_chamber,
          infiniplex_staircase_pool, uniq_gastronok
Lair:3:   layout_regular_city
Lair:4:   layout_misc_corridors, minmay_shoals_entry_lonely_mermaid,
          kennysheep_rathole
Lair:5:   dragon1_lemuel, layout_regular_city, portal_ice_cave_demonic_guard,
          grunt_forest_large_clearing_hut
Lair:6:   minmay_lair_end_frog_pond, layout_misc_corridors,
          nicolae_slime_entry_slimehenge, nicolae_quartered_pool_medium,
          kennysheep_basilisk_garden, uniq_urug, uniq_kirke
Shoals:1: layout_shoals, wheals_shoals_ruined_temple
Shoals:2: cheibrodos_shoals_epimethial_gifts, layout_shoals, serial_shops,
          nicolae_shop_stone
Shoals:3: layout_shoals
Shoals:4: shoals_end_grunt_ice, layout_shoals
Spider:1: layout_spider_delve
Spider:2: layout_spider_delve, nicolae_arachne_temple
Spider:3: layout_chambers, uniq_nikola, uniq_aizul
Spider:4: guppyfry_spider_rune, hangedman_spider_tarantella_strand,
          uniq_asterion
Slime:1:  layout_caves
Slime:2:  layout_caves
Slime:3:  layout_caves
Slime:4:  layout_caves
Slime:5
Orc:1:    layout_caves, serial_shops, shop, uniq_jorgrun
Orc:2:    grunt_orc_tribal_feast, layout_diamond_mine,
          biasface_ghost_orc_armoury, minmay_orc_temple_a
Elf:1:    eino_elf_arrival_sip, layout_loops_corners, serial_shops, shop,
          minmay_elf_necromancy
Elf:2:    layout_loops_corners, gammafunk_ghost_berserking_beasts,
          grunt_megastairs_3
Elf:3:    elf_hall, layout_loops_cross, serial_shops, nicolae_shop_waterfront
Vaults:1: nicolae_vaults_octagons, nicolae_vaults_little_ls,
          nicolae_vaults_hallways_thing, vaults_mumra_hex,
          nicolae_vaults_border_crossing, v_pattern_2, ontoclasm_vaults_idyll,
          ontoclasm_vaults_decontamination, layout_vaults_quadrants,
          serial_shops, shop, nicolae_trove_entry_free_sample
Vaults:2: gammafunk_vaults_ghost_fury_of_okawaru, v_misc_32, v_alt_pattern_1,
          nicolae_vaults_bisected_slash, v_misc_10, nicolae_vaults_shelves_hall,
          nicolae_vaults_circle_grid_b, nicolae_vaults_minivaults,
          minmay_crypt_entry_necro_gods, nicolae_vaults_angled_halls,
          nicolae_vaults_circle_grid_b, grunt_vaults_focal,
          vaults_mumra_chevron, v_pattern_5, v_misc_33, vaults_room_door_ring,
          layout_vaults_omnibox, serial_shops, nicolae_shop_crystal
Vaults:3: vaults_room_octagon, st_check, nicolae_vaults_three_branches,
          hangedman_vaults_restitches, vaults_room_mumra_shop_pool, v_misc_12,
          v_rooms_2, v_misc_9, vaults_room_door_ring, layout_vaults_big_room
Vaults:4: v_rooms_5, vaults_room_semicircle, v_misc_23, v_misc_10,
          vaults_room_octagon, nicolae_vaults_triangles, v_rooms_3,
          ontoclasm_vaults_shuriken, nicolae_vaults_display_case,
          grunt_vaults_swirl, v_misc_33, ontoclasm_vaults_loading_screen,
          layout_vaults_ring
Vaults:5: serial_shops
Crypt:1:  layout_chaotic_city, minmay_misc_feat_pillars
Crypt:2:  layout_misc_corridors, minmay_guarded_unrand_skullcrusher,
          grunt_megastairs_2
Crypt:3:  quadcrypt_mu
Depths:1: layout_gridlike, serial_shops, shop, dk_noncrumbling_4,
          grunt_hell_entry_dis_old, grunt_decor_mini_mirrors, drop_trap,
          kennysheep_nub, nrook_uturn, chequers_jeans, lemuel_old_faithful
Depths:2: minmay_the_grid_square_5x5_5x5_mashed
          [minmay_the_grid_square_5x5_shrine1,
          minmay_the_grid_square_5x5_beaten_path,
          minmay_the_grid_square_5x5_half_checkered,
          minmay_the_grid_square_5x5_bite,
          minmay_the_grid_square_5x5_sharp_hourglass,
          minmay_the_grid_square_5x5_tetrominoes,
          minmay_the_grid_square_5x5_prize_rear_guard,
          minmay_the_grid_square_5x5_tri_point,
          minmay_the_grid_square_5x5_prize_itemx,
          minmay_the_grid_square_5x5_two_small,
          minmay_the_grid_square_5x5_inset,
          minmay_the_grid_square_5x5_checkered_sparse,
          minmay_the_grid_square_5x5_prize_monsterx,
          minmay_the_grid_square_5x5_inverted_slash,
          minmay_the_grid_square_5x5_mess,
          minmay_the_grid_square_5x5_pentomino_r,
          minmay_the_grid_square_5x5_prize_pseudospiral,
          minmay_the_grid_square_5x5_two,
          minmay_the_grid_square_5x5_prize_waves,
          minmay_the_grid_square_5x5_inner_v,
          minmay_the_grid_square_5x5_percent, minmay_the_grid_square_5x5_plus,
          minmay_the_grid_square_5x5_one_wall,
          minmay_the_grid_square_5x5_gyroscope,
          minmay_the_grid_square_5x5_spiral_small], layout_cave_pools,
          marbit_kobold_abyss_entry, hell_entry, hangedman_decor_opposing,
          tgw_lugonu_bribe
Depths:3: hangedman_cross_veins, layout_cave_shapes, grunt_pan_entry_sceptre,
          pf_dread_powers_of_hell, nicolae_benzene_ring, nicolae_water_bricks,
          minmay_crystal_water, minmay_misc_feat_diagonals, uniq_frederick
Depths:4: cross_vault, layout_basic, enter_ziggurat_a, hell_entry,
          abyss_entry_small_statue_room, kennysheep_minor_cross,
          minmay_shop_grove, infiniplex_staircase_door_maze, uniq_boris
Depths:5: grunt_zot_entry_tricorne, layout_basic, eino_curves_04, hellmouth_1,
          rand_demon_pan_entry_9, serial_bayou_shore_a
Hell
Dis:1:    layout_overlapping_boxes
Dis:2:    layout_subdivisions, nrook_loot_triangle
Dis:3:    layout_gridville, door_vault
Dis:4:    layout_chaotic_city
Dis:5:    hangedman_iron_city_apartments, layout_subdivisions,
          hangedman_dis_chains
Dis:6:    hangedman_dis_monolith, layout_regular_city,
          hangedman_dis_decor_blocks_talon, evilmike_ambush
          [evilmike_ambush_outer_basic, evilmike_ambush_inner_basic]
Geh:1:    layout_gehenna_lava_caves, nicolae_geh_single_fiery_grave
Geh:2:    layout_gehenna_pools_triple, evilmike_ambush
          [evilmike_ambush_outer_doors, evilmike_ambush_inner_basic],
          grunt_megastairs_1
Geh:3:    layout_gehenna_pools_box
Geh:4:    layout_gehenna_lava_caves
Geh:5:    layout_gehenna_pools_triple, minmay_fire_ice_demons
Geh:6:    layout_gehenna_pools_box
Geh:7:    geh_grunt
Tar:1:    layout_grid_maze, nicolae_tar_cuneiform_bread
Tar:2:    layout_grid_maze, evilmike_ambush [evilmike_ambush_outer_basic,
          evilmike_ambush_inner_basic]
Tar:3:    layout_catacombs
Tar:4:    grunt_deathspiral_small, layout_cathedral_of_symmetry, lemuel_elevator
Tar:6:    layout_catacombs
Tar:7:    tar_old
Zot:1:    kennysheep_room_grid, layout_misc_corridors
Zot:2:    layout_gridville
Zot:3:    layout_misc_corridors, grunt_megastairs_4
Zot:4:    layout_onion_interference
Zot:5:    layout_concentric_octagons

Skill      XL: |  1  2  3  4  5  6  7  8  9 10 11 12 13 14 15 16 17 18 19 20 21 22 23 24 25 26 27 |
---------------+----------------------------------------------------------------------------------+-----
Spellcasting   | 5 6 7 8 9 10 11 12 13 14 15 16 17 21 | 21.8
Invocations    | 1 2 3 4 5 6 7 8 9 10 11 12 13 14 15 16 17 23 | 23.0
Short Blades   | 1 2 3 4 5 6 7 8 9 10 11 12 13 14 15 16 21 | 21.5
Long Blades    | 1 2 3 4 5 6 7 8 9 10 11 12 13 14 15 16 21 | 21.5
Axes           | 1 2 3 4 5 6 7 8 9 10 11 12 13 14 15 16 21 | 21.5
Maces & Flails | 1 2 3 4 5 6 7 8 9 10 11 12 13 14 15 16 21 | 21.5
Staves         | 1 2 3 4 5 6 7 8 9 10 11 12 13 14 15 16 21 | 21.5
Slings         | 1 2 3 4 5 6 7 8 9 10 11 12 13 14 15 16 21 | 21.5
Bows           | 1 2 3 4 5 6 7 8 9 10 11 12 13 14 15 16 21 | 21.5
Crossbows      | 1 2 3 4 5 6 7 8 9 10 11 12 13 14 15 16 21 | 21.5
Throwing       | 1 2 3 4 5 6 7 8 9 10 11 12 13 14 15 16 22 | 22.6
Stealth        | 1 2 3 4 5 6 7 8 9 10 11 12 13 14 15 16 21 | 21.5
Shields        | 1 2 3 4 5 6 7 8 9 10 11 12 13 14 15 16 21 | 21.5
Unarmed Combat | 1 2 3 4 5 6 7 8 9 10 11 12 13 14 15 16 22 | 22.3
Evocations     | 1 2 3 4 5 6 7 8 9 10 11 12 13 14 15 16 21 | 21.5
Conjurations   | 1 2 3 4 5 6 7 8 9 10 11 12 13 14 18 | 18.6
Hexes          | 1 2 3 4 5 6 7 8 9 10 11 12 13 14 18 | 18.6
Summonings     | 1 2 3 4 5 6 7 8 9 10 11 12 13 14 18 | 18.6
Necromancy     | 1 2 3 4 5 6 7 8 9 10 11 12 13 14 18 | 18.6
Translocations | 1 2 3 4 5 6 7 8 9 10 11 12 13 14 18 | 18.6
Transmutations | 1 2 3 4 5 6 7 8 9 10 11 12 13 14 18 | 18.6
Fire Magic     | 1 2 3 4 5 6 7 8 9 10 11 12 13 14 18 | 18.6
Ice Magic      | 1 2 3 4 5 6 7 8 9 10 11 12 13 14 18 | 18.6
Air Magic      | 1 2 3 4 5 6 7 8 9 10 11 12 13 14 18 | 18.6
Earth Magic    | 1 2 3 4 5 6 7 8 9 10 11 12 13 14 18 | 18.6
Poison Magic   | 1 2 3 4 5 6 7 8 9 10 11 12 13 14 18 | 18.6
Armour         | 3 4 5 6 7 8 9 10 11 12 13 14 15 16 21 | 21.6
Fighting       | 5 6 7 8 9 10 11 12 13 14 15 16 17 21 | 21.8
Polearms       | 5 6 7 8 9 10 11 12 13 14 15 16 17 21 | 21.8
Dodging        | 5 6 7 8 9 10 11 12 13 14 15 16 17 21 | 21.8
Charms         | 6 7 8 9 10 11 12 13 14 15 19 | 19.2

Action                   |  1- 3 |  4- 6 |  7- 9 | 10-12 | 13-15 | 16-18 | 19-21 | 22-24 | 25-27 || total
-------------------------+-------+-------+-------+-------+-------+-------+-------+-------+-------++-------
Melee: Spear             |    54 |       |       |       |       |       |       |       |       ||    54
       Bite              |    12 |    16 |    30 |   154 |   203 |   306 |   153 |   103 |   648 ||  1625
       Dagger            |    64 |   152 |    11 |       |       |       |       |       |       ||   227
       Glaive            |       |     3 |       |       |       |       |       |       |       ||     3
       Flail             |       |     8 |       |       |       |       |       |       |       ||     8
       Whip              |       |       |   237 |   596 |   840 |  1037 |   201 |       |       ||  2911
       Scythe            |       |       |    19 |       |       |       |       |       |       ||    19
       Punch             |       |       |     7 |    44 |    47 |       |       |       |       ||    98
       Falchion          |       |       |     3 |    16 |     3 |       |       |       |       ||    22
       Unarmed           |       |       |       |       |       |   112 |   615 |   558 |  3666 ||  4951
       Kick              |       |       |       |       |       |       |       |    18 |  1355 ||  1373
Throw: Javelin           |       |     3 |       |       |     7 |       |       |     1 |       ||    11
       Boomerang         |       |       |    30 |    80 |   135 |   457 |   354 |    45 |   156 ||  1257
       Stone             |       |       |       |       |    47 |       |       |       |       ||    47
 Cast: Infusion          |     1 |     4 |     1 |     1 |     3 |       |       |       |       ||    10
       Regeneration      |       |       |     1 |     7 |    16 |     5 |     9 |     7 |    85 ||   130
       Song of Slaying   |       |       |       |     4 |     5 |     2 |     1 |     1 |       ||    13
       Shroud of Golubri |       |       |       |     2 |     7 |     1 |       |     1 |     2 ||    13
       Statue Form       |       |       |       |       |       |     6 |    43 |    33 |   206 ||   288
       Deflect Missiles  |       |       |       |       |       |     1 |     4 |     2 |     7 ||    14
       Borgnjor's Vile C |       |       |       |       |       |       |    16 |    17 |    16 ||    49
       Olgreb's Toxic Ra |       |       |       |       |       |       |     4 |       |       ||     4
       Ring of Flames    |       |       |       |       |       |       |     2 |    15 |    25 ||    42
       Blink             |       |       |       |       |       |       |       |     1 |     9 ||    10
       Apportation       |       |       |       |       |       |       |       |       |     9 ||     9
       Shatter           |       |       |       |       |       |       |       |       |     6 ||     6
       Passage of Golubr |       |       |       |       |       |       |       |       |     2 ||     2
Invok: Slouch            |       |       |       |       |     6 |     7 |     6 |     4 |    17 ||    40
 Abil: Stop Flying       |       |       |       |       |       |       |     1 |       |     1 ||     2
       End Transformatio |       |       |       |       |       |       |       |     1 |       ||     1
       Evoke Flight      |       |       |       |       |       |       |       |       |     1 ||     1
Evoke: Wand              |       |       |     5 |    10 |    11 |     1 |       |       |     2 ||    29
       Lightning rod     |       |       |       |       |     8 |       |       |       |       ||     8
       Lamp of fire      |       |       |       |       |       |     3 |     3 |     1 |     1 ||     8
  Use: Scroll            |     1 |     5 |    17 |    11 |     7 |    12 |     6 |     3 |    34 ||    96
       Potion            |       |     2 |     1 |     1 |     2 |     2 |     2 |     1 |     8 ||    19
 Stab: Sleeping          |       |     2 |    10 |    15 |    26 |    24 |    19 |    15 |    40 ||   151
       Invisible         |       |       |     2 |     5 |     2 |       |       |       |       ||     9
       Paralysed         |       |       |     4 |    19 |     3 |       |       |       |       ||    26
       Distracted        |       |       |       |     1 |       |     1 |     3 |     2 |    17 ||    24
       Confused          |       |       |       |       |       |       |       |       |     2 ||     2
       Petrified         |       |       |       |       |       |       |       |       |     3 ||     3
  Eat: Chunk             |       |     6 |     9 |     8 |     4 |     2 |       |       |       ||    29
       Ration            |       |       |     1 |     3 |     2 |     6 |     5 |     4 |    20 ||    41
Armor: Ring mail         |    41 |    43 |    91 |   126 |    89 |   160 |    51 |     9 |    62 ||   672
       Skin              |       |       |       |       |       |   161 |   152 |   145 |  1080 ||  1538
Dodge: Dodged            |    82 |    97 |   167 |   503 |   585 |  1029 |   831 |   597 |  4462 ||  8353
       Deflected         |       |       |       |     3 |     8 |     9 |    51 |    31 |   171 ||   273
Block: Buckler           |       |       |       |       |   123 |    53 |       |       |       ||   176
       Shield            |       |       |       |       |       |  1012 |   989 |   721 |  2008 ||  4730
       Large shield      |       |       |       |       |       |       |       |       |  4552 ||  4552
       Rpst.: Falchion   |       |       |     1 |     2 |       |       |       |       |       ||     3
